Maroons vs Wild

Created - 16 mars 2020 at 13:03

Goals
1 2 3 OT1 T
Maroons 0 1 1 0 2
Wild 0 1 1 1 3
Shots
1 2 3 OT1 T
Maroons 3 12 21 1 37
Wild 10 7 11 1 29

1st period

No Goal

Penalties :
Michal Kempny (MIW) for Hooking (Minor) at 16:48

2nd period

1. Maroons , Bryan Rust 10 (Brenden Dillon 8, Pierre-Luc Dubois 27) at 7:55
2. Wild , T.J. Oshie 17 (Evgeny Kuznetsov 32) at 16:39

Penalties :
Pierre-Luc Dubois (MON) for Holding (Minor) at 2:09

3rd period

3. Maroons , Bo Horvat 32 (Brendan Gallagher 31) at 9:59 (PP)
4. Wild , T.J. Oshie 18 (Evgeny Kuznetsov 33, Adrian Kempe 7) at 13:36

Penalties :
Evgeny Kuznetsov (MIW) for Holding (Minor) at 9:51

Overtime #1

5. Wild , Kris Letang 11 (Jack Eichel 37, Chris Tierney 17) at 4:20

Penalties :
No Penalty

Goalie Stats

John Gibson (MON), 26 saves from 29 shots - (0,897), OTL, 26-22-7, 64:20 minutes
Anton Khudobin (MIW), 35 saves from 37 shots - (0,946), W, 27-13-7, 64:20 minutes

Players Stats for Maroons

Player Name              G  A  P  +/- PIM S  H  SB GA TA FO     MP     PP MP  PK MP  
------------------------------------------------------------------------------------
Alexander Kerfoot        0  0  0  -1  0   3  1  0  0  0  0/0    12:54   0:00   1:11 
Bo Horvat                1  0  1  -1  0   3  1  0  0  0  19/34  25:18   1:07   0:52 
Brendan Gallagher        0  1  1  -1  0   4  3  0  0  0  0/1    24:18   1:07   0:00 
Brenden Dillon           0  1  1   0  0   0  1  0  0  1  0/0    21:36   0:56   0:50 
Bryan Rust               1  0  1   0  0   5  0  1  0  0  0/0    18:21   1:00   0:38 
Cal Clutterbuck          0  0  0   0  0   0  3  1  0  0  0/0     9:48   1:00   0:10 
Carl Gunnarsson          0  0  0   0  0   1  0  0  0  0  0/0    12:51   0:00   0:00 
Charlie Coyle            0  0  0   1  0   2  0  0  0  0  1/1    18:25   1:00   1:07 
Esa Lindell              0  0  0  -2  0   1  1  3  0  1  0/0    28:23   1:11   1:09 
Frederik Gauthier        0  0  0   0  0   0  1  0  0  0  1/2     7:40   0:00   0:00 
Jacob Trouba             0  0  0   0  0   0  1  0  1  0  0/0    21:29   0:56   0:50 
Jay Beagle               0  0  0   0  0   2  0  2  0  0  0/0     7:40   0:00   0:00 
Matthew Tkachuk          0  0  0  -1  0   4  3  1  1  1  0/2    21:32   0:00   0:00 
Nick Ritchie             0  0  0  -1  0   1  2  0  1  0  0/1    10:55   0:00   0:00 
Nick Schmaltz            0  0  0  -1  0   3  0  0  0  0  3/7    11:42   0:00   0:00 
Pierre-Luc Dubois        0  1  1   0  2   5  0  0  0  0  17/23  18:13   1:07   0:00 
Rasmus Sandin            0  0  0   0  0   0  1  0  0  0  0/0    12:51   0:00   0:00 
Ryan McDonagh            0  0  0  -1  0   3  1  7  0  1  0/0    27:04   1:11   1:09 

Players Stats for Wild

Player Name              G  A  P  +/- PIM S  H  SB GA TA FO     MP     PP MP  PK MP  
------------------------------------------------------------------------------------
Adrian Kempe             0  1  1   0  0   2  1  0  0  0  0/0     8:03   0:00   0:00 
Brad Marchand            0  0  0   0  0   2  2  0  1  0  0/4    19:08   1:05   0:00 
Brayden McNabb           0  0  0   1  0   0  0  4  0  1  0/0    22:04   0:00   0:48 
Chris Tierney            0  1  1  -1  0   0  2  0  1  0  5/9    15:26   0:00   1:16 
Christian Dvorak         0  0  0   0  0   3  1  0  0  0  2/5     9:03   0:00   0:51 
Evgeny Kuznetsov         0  2  2   2  2   0  1  0  0  0  13/28  18:58   0:54   0:00 
Frank Vatrano            0  0  0  -1  0   4  0  1  0  0  0/0    13:12   0:00   0:00 
Jack Eichel              0  1  1   1  0   3  1  0  1  0  7/22   20:32   1:05   0:00 
Jakob Silfverberg        0  0  0   2  0   0  1  0  0  0  1/1    20:55   1:14   1:16 
Jordan Greenway          0  0  0   1  0   0  1  1  1  0  0/0    10:21   0:45   0:00 
Kris Letang              1  0  1   2  0   4  0  0  0  0  0/0    23:41   0:56   0:00 
Lawson Crouse            0  0  0  -1  0   0  2  0  0  0  0/0    13:44   0:00   0:51 
Marc Staal               0  0  0   1  0   0  1  1  0  0  0/0    22:01   0:00   1:19 
Michal Kempny            0  0  0  -1  2   2  1  3  0  0  0/0    15:39   1:03   0:00 
Ryan Suter               0  0  0   1  0   2  0  0  0  0  0/0    24:44   0:56   1:19 
Samuel Girard            0  0  0  -1  0   0  2  1  0  0  0/0    16:19   1:03   0:48 
T.J. Oshie               2  0  2   2  0   7  0  2  0  1  1/1    18:58   0:54   0:00 
William Nylander         0  0  0   0  0   0  0  0  0  1  1/1    18:03   0:00   0:00 

3 Stars

1 - T.J. Oshie (MIW)
2 - Anton Khudobin (MIW)
3 - Kris Letang (MIW)

Power Play

Maroons - 1 on 2 Attempt(s) - 50,00%
Wild - 0 on 1 Attempt(s) - 0,00%

Penalty Kill

Maroons - 1 on 1 Attempt(s) - 100,00% - Score 0 goal in Penalty Kill
Wild - 1 on 2 Attempt(s) - 50,00% - Score 0 goal in Penalty Kill

Team Stat

Maroons - Hits : 19 - Faceoff Wins : 41 - Blocked Shots : 15 - Penalty Minutes : 2
Wild - Hits : 16 - Faceoff Wins : 30 - Blocked Shots : 13 - Penalty Minutes : 4

Official

Referees : Jacob Brenk and Francois StLaurent
Linesman : Scott Driscoll and Lonnie Cameron

Game Notes

13:27 of 2nd period - Maroons goal is going for a video replay. After video review, No Goal. The puck has been directed, batted or thrown into the net by an attacking player other than with a stick.

Finance

Level 1 -- Attendance: 4418 (73,63%) -- Ticket Income 441 800 $
Level 2 -- Attendance: 4588 (91,76%) -- Ticket Income 275 280 $
Level 3 -- Attendance: 1796 (89,80%) -- Ticket Income 62 860 $
Level 4 -- Attendance: 3602 (90,05%) -- Ticket Income 72 040 $
Luxury Box -- Attendance: 789 (78,90%) -- Ticket Income 157 800 $
Game was played at the Xcel Enery Center.
Total Attendance: 15193 (84,41%)
Total Ticket Income: 1 009 780 $
Other Income: 494 792 $
Total Income: 1 504 572 $

Maroons

5 vs 5 Forward 
   Center                   Left Wing                Right Wing               Time % Phy DF OF 
 1 Bo Horvat                Matthew Tkachuk          Brendan Gallagher        40     1   2  2  
 2 Pierre-Luc Dubois        Bryan Rust               Charlie Coyle            30     1   2  2  
 3 Nick Schmaltz            Nick Ritchie             Alexander Kerfoot        20     1   2  2  
 4 Frederik Gauthier        Cal Clutterbuck          Jay Beagle               10     1   2  2  

5 vs 5 Defense 
   Defense                  Defense                                           Time % Phy DF OF 
 1 Esa Lindell              Ryan McDonagh                                     40     1   2  2  
 2 Jacob Trouba             Brenden Dillon                                    30     1   2  2  
 3 Carl Gunnarsson          Rasmus Sandin                                     20     1   2  2  
 4 Esa Lindell              Ryan McDonagh                                     10     1   2  2  

PowerPlay Forward 
   Center                   Left Wing                Right Wing               Time % Phy DF OF 
 1 Bo Horvat                Pierre-Luc Dubois        Brendan Gallagher        60     1   2  2  
 2 Charlie Coyle            Bryan Rust               Cal Clutterbuck          40     1   2  2  

PowerPlay Defense
   Defense                  Defense                                           Time % Phy DF OF 
 1 Esa Lindell              Ryan McDonagh                                     60     1   2  2  
 2 Jacob Trouba             Brenden Dillon                                    40     1   2  2  

Penalty Kill 4 Players Forward 
   Center                   Wing                     Time % Phy DF OF 
 1 Charlie Coyle            Alexander Kerfoot        60     1   2  2  
 2 Pierre-Luc Dubois        Bryan Rust               40     1   2  2  

Penalty Kill 4 Players Defense
   Defense                  Defense                  Time % Phy DF OF 
 1 Esa Lindell              Ryan McDonagh            60     1   2  2  
 2 Jacob Trouba             Brenden Dillon           40     1   2  2  

Penalty Kill - 3 Players Forward 
   Forward                                           Time % Phy DF OF 
 1 Pierre-Luc Dubois                                 60     1   2  2  
 2 Bryan Rust                                        40     1   2  2  

Penalty Kill - 3 Players Defense
   Defense                  Defense                  Time % Phy DF OF 
 1 Esa Lindell              Ryan McDonagh            60     1   2  2  
 2 Jacob Trouba             Brenden Dillon           40     1   2  2  

4 vs 4 Forward 
   Center                   Wing                     Time % Phy DF OF 
 1 Nick Schmaltz            Bo Horvat                60     1   2  2  
 2 Pierre-Luc Dubois        Bryan Rust               40     1   2  2  

4 vs 4 Defense
   Defense                  Defense                  Time % Phy DF OF 
 1 Esa Lindell              Ryan McDonagh            60     1   2  2  
 2 Jacob Trouba             Brenden Dillon           40     1   2  2  

Last Minutes Offensive
   Center                   Left Wing                Right Wing               Defense                  Defense                  
   Bo Horvat                Pierre-Luc Dubois        Brendan Gallagher        Esa Lindell              Ryan McDonagh            

Last Minutes Defensive
   Center                   Left Wing                Right Wing               Defense                  Defense                  
   Bo Horvat                Pierre-Luc Dubois        Brendan Gallagher        Esa Lindell              Ryan McDonagh            

Goaltenders
Starting : John Gibson              
Backup : Cam Ward                 

Extra Forwards
Normal : Pierre-Luc Dubois, Nick Schmaltz, Alexander Kerfoot - PP : Pierre-Luc Dubois, Nick Schmaltz - PK : Alexander Kerfoot
Extra Defensemen
Normal : Carl Gunnarsson, Esa Lindell, Jacob Trouba - PP : Carl Gunnarsson - PK : Ryan McDonagh, Jacob Trouba
Penalty Shots
Brendan Gallagher, Nick Schmaltz, Pierre-Luc Dubois, Bryan Rust, Charlie Coyle
Custom OT Lines Forwards
Brendan Gallagher, Bo Horvat, Pierre-Luc Dubois, Bryan Rust, Charlie Coyle, Cal Clutterbuck, Nick Schmaltz, Alexander Kerfoot, Jay Beagle, Nick Ritchie
Custom OT Lines Defensemen
Esa Lindell, Ryan McDonagh, Jacob Trouba, Brenden Dillon, Carl Gunnarsson

Scratches
Noah Juulsen (Right Forearm Injury), Tobias Rieder (Healthy)

Wild

5 vs 5 Forward 
   Center                   Left Wing                Right Wing               Time % Phy DF OF 
 1 Jack Eichel              Brad Marchand            William Nylander         35     0   2  3  
 2 Evgeny Kuznetsov         Jakob Silfverberg        T.J. Oshie               35     0   2  3  
 3 Chris Tierney            Lawson Crouse            Frank Vatrano            20     1   2  2  
 4 Christian Dvorak         Jordan Greenway          Adrian Kempe             10     2   3  0  

5 vs 5 Defense 
   Defense                  Defense                                           Time % Phy DF OF 
 1 Kris Letang              Marc Staal                                        37     0   2  3  
 2 Brayden McNabb           Ryan Suter                                        37     1   2  2  
 3 Samuel Girard            Michal Kempny                                     26     1   2  2  
 4 Ryan Suter               Kris Letang                                       0      1   2  2  

PowerPlay Forward 
   Center                   Left Wing                Right Wing               Time % Phy DF OF 
 1 Jack Eichel              Brad Marchand            Jakob Silfverberg        60     0   1  4  
 2 Evgeny Kuznetsov         T.J. Oshie               Jakob Silfverberg        40     0   1  4  

PowerPlay Defense
   Defense                  Defense                                           Time % Phy DF OF 
 1 Ryan Suter               Kris Letang                                       60     0   1  4  
 2 Samuel Girard            Michal Kempny                                     40     0   1  4  

Penalty Kill 4 Players Forward 
   Center                   Wing                     Time % Phy DF OF 
 1 Chris Tierney            Jakob Silfverberg        55     1   4  0  
 2 Christian Dvorak         Lawson Crouse            45     1   4  0  

Penalty Kill 4 Players Defense
   Defense                  Defense                  Time % Phy DF OF 
 1 Ryan Suter               Marc Staal               55     1   4  0  
 2 Brayden McNabb           Michal Kempny            45     1   4  0  

Penalty Kill - 3 Players Forward 
   Forward                                           Time % Phy DF OF 
 1 Chris Tierney                                     60     0   5  0  
 2 Lawson Crouse                                     40     0   5  0  

Penalty Kill - 3 Players Defense
   Defense                  Defense                  Time % Phy DF OF 
 1 Ryan Suter               Michal Kempny            60     0   5  0  
 2 Brayden McNabb           Marc Staal               40     1   2  2  

4 vs 4 Forward 
   Center                   Wing                     Time % Phy DF OF 
 1 Jack Eichel              Lawson Crouse            60     1   2  2  
 2 Evgeny Kuznetsov         T.J. Oshie               40     1   2  2  

4 vs 4 Defense
   Defense                  Defense                  Time % Phy DF OF 
 1 Ryan Suter               Michal Kempny            60     1   2  2  
 2 Brayden McNabb           Kris Letang              40     1   2  2  

Last Minutes Offensive
   Center                   Left Wing                Right Wing               Defense                  Defense                  
   Jack Eichel              Brad Marchand            Evgeny Kuznetsov         Ryan Suter               Kris Letang              

Last Minutes Defensive
   Center                   Left Wing                Right Wing               Defense                  Defense                  
   Chris Tierney            Lawson Crouse            Jack Eichel              Brayden McNabb           Ryan Suter               

Goaltenders
Starting : Anton Khudobin           
Backup : Linus Ullmark            

Extra Forwards
Normal : Jordan Greenway, Frank Vatrano, Lawson Crouse - PP : Jordan Greenway, Frank Vatrano - PK : Lawson Crouse
Extra Defensemen
Normal : Samuel Girard, Kris Letang, Brayden McNabb - PP : Samuel Girard - PK : Michal Kempny, Brayden McNabb
Penalty Shots
Jack Eichel, Chris Tierney, Evgeny Kuznetsov, T.J. Oshie, Jakob Silfverberg
Custom OT Lines Forwards
Jack Eichel, Jordan Greenway, Evgeny Kuznetsov, T.J. Oshie, Jakob Silfverberg, Chris Tierney, Frank Vatrano, Lawson Crouse, Adrian Kempe, William Nylander
Custom OT Lines Defensemen
Ryan Suter, Kris Letang, Brayden McNabb, Michal Kempny, Samuel Girard

Scratches
Anton Lindholm (Healthy)

% Time on Ice - Maroons

Lines # - Real PCT - Wanted PCT - Time Play
Normal Forward
1 - 39% - 40% - 21:51
2 - 28% - 30% - 15:28
3 - 20% - 20% - 10:55
4 - 14% - 10% - 7:40
Normal Defense
1 - 37% - 40% - 20:38
2 - 34% - 30% - 19:07
3 - 23% - 20% - 12:51
4 - 6% - 10% - 3:18
PP Forward
1 - 53% - 60% - 1:07
2 - 47% - 40% - 1:00
PP Defense
1 - 56% - 60% - 1:11
2 - 44% - 40% - 0:56
PK Forward
1 - 68% - 60% - 1:21
2 - 32% - 40% - 0:38
PK Defense
1 - 58% - 60% - 1:09
2 - 42% - 40% - 0:50
PK3 Forward
1 - 0% - 60%
2 - 0% - 40%
PK3 Defense
1 - 0% - 60%
2 - 0% - 40%
44 Forward
1 - 0% - 60%
2 - 0% - 40%
44 Defense
1 - 0% - 60%
2 - 0% - 40%
Last Minute Offensive  - 0:00
Last Minute Defensive  - 0:00
Total
Forward - 60:00
Defense - 60:00

% Time on Ice - Wild

Lines # - Real PCT - Wanted PCT - Time Play
Normal Forward
1 - 33% - 35% - 18:14
2 - 31% - 35% - 17:04
3 - 22% - 20% - 12:33
4 - 14% - 10% - 8:03
Normal Defense
1 - 37% - 37% - 20:42
2 - 37% - 37% - 20:44
3 - 26% - 26% - 14:28
4 - 0% - 0% - 0:00
PP Forward
1 - 55% - 60% - 1:05
2 - 45% - 40% - 0:54
PP Defense
1 - 47% - 60% - 0:56
2 - 53% - 40% - 1:03
PK Forward
1 - 60% - 55% - 1:16
2 - 40% - 45% - 0:51
PK Defense
1 - 62% - 55% - 1:19
2 - 38% - 45% - 0:48
PK3 Forward
1 - 0% - 60%
2 - 0% - 40%
PK3 Defense
1 - 0% - 60%
2 - 0% - 40%
44 Forward
1 - 0% - 60%
2 - 0% - 40%
44 Defense
1 - 0% - 60%
2 - 0% - 40%
Last Minute Offensive  - 0:00
Last Minute Defensive  - 0:00
Total
Forward - 60:00
Defense - 60:00

Play-by-Play

1st period


0:01 of 1st period - Jack Eichel wins face-off versus Bo Horvat in neutral zone.
0:10 of 1st period - Snap shot by Jack Eichel.
0:10 of 1st period - Shot Misses the Net.
0:18 of 1st period - Off-side.
0:19 of 1st period - Pierre-Luc Dubois wins face-off versus Evgeny Kuznetsov in neutral zone.
0:22 of 1st period - Ryan Suter is hit by Jacob Trouba and loses puck.
1:30 of 1st period - Slapshot by Kris Letang.
1:30 of 1st period - Shot Blocked by Jay Beagle.
1:58 of 1st period - Snap shot by Pierre-Luc Dubois.
1:58 of 1st period - Shot Blocked by Brayden McNabb.
2:12 of 1st period - Snap shot by Frank Vatrano.
2:12 of 1st period - Stopped by John Gibson with a rebound.
2:39 of 1st period - Wrist shot by Matthew Tkachuk.
2:39 of 1st period - Stopped by Anton Khudobin with a rebound.
4:38 of 1st period - Christian Dvorak is hit by Cal Clutterbuck and loses puck.
5:01 of 1st period - Esa Lindell is hit by Brad Marchand and loses puck.
5:08 of 1st period - Marc Staal is hit by Rasmus Sandin and loses puck.
5:33 of 1st period - Ryan Suter is hit by Alexander Kerfoot and loses puck.
5:50 of 1st period - Snap shot by Brendan Gallagher.
5:50 of 1st period - Shot Misses the Net.
6:04 of 1st period - Brad Marchand is hit by Cal Clutterbuck and loses puck.
6:13 of 1st period - Brad Marchand is hit by Frederik Gauthier and loses puck.
6:37 of 1st period - Slapshot by Pierre-Luc Dubois.
6:37 of 1st period - Shot Blocked by Samuel Girard.
6:39 of 1st period - Backhand shot by Bryan Rust.
6:39 of 1st period - Shot Blocked by Michal Kempny.
7:13 of 1st period - Backhand shot by Nick Schmaltz.
7:13 of 1st period - Shot Misses the Net.
7:38 of 1st period - Wrist shot by Jack Eichel.
7:38 of 1st period - Stopped by John Gibson without a rebound.
7:39 of 1st period - Evgeny Kuznetsov wins face-off versus Bo Horvat in Maroons zone.
7:40 of 1st period - Slapshot by T.J. Oshie.
7:40 of 1st period - Shot Misses the Net.
7:54 of 1st period - Evgeny Kuznetsov is hit by Matthew Tkachuk and loses puck.
8:21 of 1st period - Wrist shot by Pierre-Luc Dubois.
8:21 of 1st period - Shot Misses the Net.
8:51 of 1st period - Slapshot by Kris Letang.
8:51 of 1st period - Deflect By Christian Dvorak.
8:51 of 1st period - Stopped by John Gibson without a rebound.
8:52 of 1st period - Christian Dvorak wins face-off versus Frederik Gauthier in Maroons zone.
9:01 of 1st period - Wrist shot by Christian Dvorak.
9:01 of 1st period - Shot Blocked by Ryan McDonagh.
9:03 of 1st period - Wrist shot by Ryan Suter.
9:03 of 1st period - Shot Blocked by Cal Clutterbuck.
9:05 of 1st period - Wrist shot by Ryan Suter.
9:05 of 1st period - Deflect By Jordan Greenway.
9:05 of 1st period - Shot Blocked by Jay Beagle.
9:05 of 1st period - Puck is out of play.
9:06 of 1st period - Evgeny Kuznetsov wins face-off versus Bo Horvat in Maroons zone.
9:17 of 1st period - Snap shot by T.J. Oshie.
9:17 of 1st period - Deflect By Evgeny Kuznetsov.
9:17 of 1st period - Shot Blocked by Ryan McDonagh.
9:17 of 1st period - Puck is out of play.
9:18 of 1st period - Evgeny Kuznetsov wins face-off versus Bo Horvat in Maroons zone.
9:21 of 1st period - Wrist shot by Evgeny Kuznetsov.
9:21 of 1st period - Shot Misses the Net.
9:57 of 1st period - Snap shot by Nick Schmaltz.
9:57 of 1st period - Shot Misses the Net.
10:50 of 1st period - Wrist shot by Matthew Tkachuk.
10:50 of 1st period - Stopped by Anton Khudobin without a rebound.
10:51 of 1st period - Christian Dvorak wins face-off versus Bo Horvat in Wild zone.
11:00 of 1st period - Adrian Kempe is hit by Matthew Tkachuk and loses puck.
11:25 of 1st period - Wrist shot by Christian Dvorak.
11:25 of 1st period - Stopped by John Gibson with a rebound.
11:27 of 1st period - Slapshot by Michal Kempny.
11:27 of 1st period - Stopped by John Gibson with a rebound.
11:29 of 1st period - Snap shot by Michal Kempny.
11:29 of 1st period - Shot Misses the Net.
11:45 of 1st period - Slapshot by Kris Letang.
11:45 of 1st period - Deflect By Christian Dvorak.
11:45 of 1st period - Shot Misses the Net.
11:45 of 1st period - Puck is out of play.
11:46 of 1st period - Pierre-Luc Dubois wins face-off versus Jack Eichel in Maroons zone.
11:46 of 1st period - Pierre-Luc Dubois is hit by Jack Eichel.
12:12 of 1st period - Samuel Girard is hit by Esa Lindell and loses puck.
12:17 of 1st period - Wrist shot by Nick Schmaltz.
12:17 of 1st period - Shot Blocked by T.J. Oshie.
13:01 of 1st period - Wrist shot by Brad Marchand.
13:01 of 1st period - Stopped by John Gibson with a rebound.
13:03 of 1st period - Snap shot by Jack Eichel.
13:03 of 1st period - Deflect By William Nylander.
13:03 of 1st period - Shot Blocked by Ryan McDonagh.
13:03 of 1st period - Puck is out of play.
13:04 of 1st period - Bo Horvat wins face-off versus Evgeny Kuznetsov in Maroons zone.
13:17 of 1st period - Wrist shot by T.J. Oshie.
13:17 of 1st period - Stopped by John Gibson without a rebound.
13:18 of 1st period - Bo Horvat wins face-off versus Jack Eichel in Maroons zone.
13:25 of 1st period - Wrist shot by Brendan Gallagher.
13:25 of 1st period - Shot Misses the Net.
13:33 of 1st period - Slapshot by Jack Eichel.
13:33 of 1st period - Deflect By Brendan Gallagher.
13:33 of 1st period - Shot Hit the Post.
13:33 of 1st period - Puck is out of play.
13:34 of 1st period - Pierre-Luc Dubois wins face-off versus Evgeny Kuznetsov in Maroons zone.
13:34 of 1st period - Pierre-Luc Dubois is hit by Evgeny Kuznetsov.
14:00 of 1st period - Kris Letang is hit by Bo Horvat and loses puck.
14:20 of 1st period - Off-side.
14:21 of 1st period - Nick Schmaltz wins face-off versus Chris Tierney in neutral zone.
14:46 of 1st period - Jacob Trouba is hit by Brad Marchand.
14:54 of 1st period - Backhand shot by Brad Marchand.
14:54 of 1st period - Shot Misses the Net.
15:00 of 1st period - Brad Marchand is hit by Brendan Gallagher and loses puck.
15:50 of 1st period - Off-side.
15:51 of 1st period - Chris Tierney wins face-off versus Nick Schmaltz in neutral zone.
15:56 of 1st period - Snap shot by Lawson Crouse.
15:56 of 1st period - Shot Blocked by Esa Lindell.
15:58 of 1st period - Snap shot by Frank Vatrano.
15:58 of 1st period - Stopped by John Gibson without a rebound.
15:59 of 1st period - Bo Horvat wins face-off versus Jack Eichel in Maroons zone.
16:25 of 1st period - Slapshot by Frank Vatrano.
16:25 of 1st period - Deflect By Charlie Coyle.
16:25 of 1st period - Stopped by John Gibson without a rebound.
16:26 of 1st period - Pierre-Luc Dubois wins face-off versus Chris Tierney in Maroons zone.
16:26 of 1st period - Pierre-Luc Dubois is hit by Chris Tierney.
16:40 of 1st period - Snap shot by Charlie Coyle.
16:40 of 1st period - Shot Misses the Net.
16:42 of 1st period - Slapshot by Jacob Trouba.
16:42 of 1st period - Deflect By Pierre-Luc Dubois.
16:42 of 1st period - Stopped by Anton Khudobin with a rebound.
16:48 of 1st period - Minor Penalty to Michal Kempny for Hooking.
16:49 of 1st period - Chris Tierney wins face-off versus Bo Horvat in Wild zone.
17:14 of 1st period - Charlie Coyle is hit by Lawson Crouse and loses puck.
17:46 of 1st period - Icing by Charlie Coyle.
17:47 of 1st period - Bo Horvat wins face-off versus Christian Dvorak in Maroons zone.
18:48 of 1st period - Penalty to Michal Kempny is over, Michal Kempny is back on ice.
19:42 of 1st period - Slapshot by Kris Letang.
19:42 of 1st period - Stopped by John Gibson with a rebound.
Goals for this period are 0 for Maroons vs 0 for Wild.
Shots for this period are 3 for Maroons vs 10 for Wild.

2nd period


0:01 of 2nd period - Evgeny Kuznetsov wins face-off versus Matthew Tkachuk in neutral zone.
1:12 of 2nd period - Backhand shot by Frank Vatrano.
1:12 of 2nd period - Stopped by John Gibson without a rebound.
1:13 of 2nd period - Evgeny Kuznetsov wins face-off versus Bo Horvat in Maroons zone.
1:14 of 2nd period - Wrist shot by T.J. Oshie.
1:14 of 2nd period - Shot Misses the Net.
1:16 of 2nd period - Snap shot by Marc Staal.
1:16 of 2nd period - Deflect By Evgeny Kuznetsov.
1:16 of 2nd period - Shot Hit the Post.
1:16 of 2nd period - Puck is out of play.
1:17 of 2nd period - Bo Horvat wins face-off versus Jack Eichel in Maroons zone.
1:32 of 2nd period - Slapshot by Jack Eichel.
1:32 of 2nd period - Stopped by John Gibson without a rebound.
1:33 of 2nd period - Evgeny Kuznetsov wins face-off versus Pierre-Luc Dubois in Maroons zone.
1:48 of 2nd period - Slapshot by Pierre-Luc Dubois.
1:48 of 2nd period - Shot Misses the Net.
2:02 of 2nd period - Snap shot by Brad Marchand.
2:02 of 2nd period - Shot Misses the Net.
2:04 of 2nd period - Slapshot by Ryan Suter.
2:04 of 2nd period - Stopped by John Gibson with a rebound.
2:06 of 2nd period - Snap shot by Brad Marchand.
2:06 of 2nd period - Stopped by John Gibson without a rebound.
2:07 of 2nd period - Pierre-Luc Dubois wins face-off versus Brad Marchand in Maroons zone.
2:09 of 2nd period - Minor Penalty to Pierre-Luc Dubois for Holding.
2:10 of 2nd period - Charlie Coyle wins face-off versus Jack Eichel in Maroons zone.
2:22 of 2nd period - Snap shot by Brad Marchand.
2:22 of 2nd period - Shot Misses the Net.
2:24 of 2nd period - Wrist shot by Jack Eichel.
2:24 of 2nd period - Shot Blocked by Ryan McDonagh.
2:26 of 2nd period - Slapshot by Kris Letang.
2:26 of 2nd period - Shot Blocked by Esa Lindell.
3:13 of 2nd period - Snap shot by Bryan Rust.
3:13 of 2nd period - Stopped by Anton Khudobin without a rebound.
3:14 of 2nd period - Evgeny Kuznetsov wins face-off versus Bo Horvat in Wild zone.
4:09 of 2nd period - Penalty to Pierre-Luc Dubois is over, Pierre-Luc Dubois is back on ice.
4:15 of 2nd period - Slapshot by Jay Beagle.
4:15 of 2nd period - Stopped by Anton Khudobin with a rebound.
5:06 of 2nd period - Icing by Nick Ritchie.
5:07 of 2nd period - Bo Horvat wins face-off versus Evgeny Kuznetsov in Maroons zone.
5:16 of 2nd period - Snap shot by Bo Horvat.
5:16 of 2nd period - Deflect By Matthew Tkachuk.
5:16 of 2nd period - Shot Misses the Net.
5:16 of 2nd period - Puck is out of play.
5:17 of 2nd period - Pierre-Luc Dubois wins face-off versus Jack Eichel in Wild zone.
5:44 of 2nd period - Pierre-Luc Dubois is hit by Lawson Crouse.
6:37 of 2nd period - Snap shot by Jack Eichel.
6:37 of 2nd period - Stopped by John Gibson with a rebound.
6:39 of 2nd period - Snap shot by Jack Eichel.
6:39 of 2nd period - Deflect By William Nylander.
6:39 of 2nd period - Shot Misses the Net.
6:39 of 2nd period - Puck is out of play.
6:40 of 2nd period - Nick Schmaltz wins face-off versus Evgeny Kuznetsov in Maroons zone.
7:53 of 2nd period - Snap shot by Pierre-Luc Dubois.
7:53 of 2nd period - Shot Blocked by Frank Vatrano.
7:55 of 2nd period - Slapshot by Brenden Dillon.
7:55 of 2nd period - Deflect By Bryan Rust.
7:55 of 2nd period - Goal by Bryan Rust - Maroons : 1 - Wild : 0.
7:56 of 2nd period - Bo Horvat wins face-off versus Evgeny Kuznetsov in neutral zone.
8:02 of 2nd period - Backhand shot by Ryan McDonagh.
8:02 of 2nd period - Stopped by Anton Khudobin without a rebound.
8:03 of 2nd period - Bo Horvat wins face-off versus Evgeny Kuznetsov in Wild zone.
8:04 of 2nd period - Wrist shot by Brendan Gallagher.
8:04 of 2nd period - Stopped by Anton Khudobin without a rebound.
8:05 of 2nd period - Evgeny Kuznetsov wins face-off versus Matthew Tkachuk in Wild zone.
8:43 of 2nd period - Snap shot by T.J. Oshie.
8:43 of 2nd period - Shot Misses the Net.
8:53 of 2nd period - Snap shot by Bo Horvat.
8:53 of 2nd period - Shot Misses the Net.
8:55 of 2nd period - Snap shot by Bo Horvat.
8:55 of 2nd period - Deflect By Matthew Tkachuk.
8:55 of 2nd period - Shot Blocked by T.J. Oshie.
8:55 of 2nd period - Puck is out of play.
8:56 of 2nd period - Pierre-Luc Dubois wins face-off versus Jack Eichel in Wild zone.
9:09 of 2nd period - Snap shot by Jack Eichel.
9:09 of 2nd period - Deflect By William Nylander.
9:09 of 2nd period - Shot Blocked by Bryan Rust.
9:09 of 2nd period - Puck is out of play.
9:10 of 2nd period - Pierre-Luc Dubois wins face-off versus Jack Eichel in Maroons zone.
9:15 of 2nd period - Snap shot by Charlie Coyle.
9:15 of 2nd period - Stopped by Anton Khudobin without a rebound.
9:16 of 2nd period - Pierre-Luc Dubois wins face-off versus Jack Eichel in Wild zone.
9:17 of 2nd period - Wrist shot by Bryan Rust.
9:17 of 2nd period - Deflect By Charlie Coyle.
9:17 of 2nd period - Shot Misses the Net.
9:17 of 2nd period - Puck is out of play.
9:18 of 2nd period - Pierre-Luc Dubois wins face-off versus Jack Eichel in Wild zone.
9:33 of 2nd period - Wrist shot by Bryan Rust.
9:33 of 2nd period - Shot Misses the Net.
9:59 of 2nd period - Brenden Dillon is hit by Jakob Silfverberg and loses puck.
10:16 of 2nd period - Snap shot by Bo Horvat.
10:16 of 2nd period - Shot Misses the Net.
10:30 of 2nd period - Wrist shot by Matthew Tkachuk.
10:30 of 2nd period - Shot Blocked by Brayden McNabb.
10:36 of 2nd period - Snap shot by Bo Horvat.
10:36 of 2nd period - Stopped by Anton Khudobin with a rebound.
10:40 of 2nd period - Wrist shot by Matthew Tkachuk.
10:40 of 2nd period - Shot Misses the Net.
10:42 of 2nd period - Snap shot by Bo Horvat.
10:42 of 2nd period - Shot Misses the Net.
10:46 of 2nd period - Wrist shot by Brendan Gallagher.
10:46 of 2nd period - Stopped by Anton Khudobin with a rebound.
10:48 of 2nd period - Snap shot by Brendan Gallagher.
10:48 of 2nd period - Stopped by Anton Khudobin with a rebound.
10:50 of 2nd period - Snap shot by Bo Horvat.
10:50 of 2nd period - Shot Misses the Net.
10:52 of 2nd period - Wrist shot by Brendan Gallagher.
10:52 of 2nd period - Shot Misses the Net.
10:54 of 2nd period - Slapshot by Jacob Trouba.
10:54 of 2nd period - Deflect By Matthew Tkachuk.
10:54 of 2nd period - Shot Misses the Net.
10:54 of 2nd period - Puck is out of play.
10:55 of 2nd period - Jack Eichel wins face-off versus Pierre-Luc Dubois in Wild zone.
11:25 of 2nd period - Marc Staal is hit by Nick Ritchie and loses puck.
11:30 of 2nd period - Snap shot by Nick Schmaltz.
11:30 of 2nd period - Stopped by Anton Khudobin with a rebound.
11:57 of 2nd period - Icing by Kris Letang.
11:58 of 2nd period - Jack Eichel wins face-off versus Pierre-Luc Dubois in Wild zone.
12:27 of 2nd period - Snap shot by Christian Dvorak.
12:27 of 2nd period - Stopped by John Gibson without a rebound.
12:28 of 2nd period - Bo Horvat wins face-off versus Christian Dvorak in Maroons zone.
12:32 of 2nd period - Off-side.
12:33 of 2nd period - Bo Horvat wins face-off versus Jack Eichel in neutral zone.
12:38 of 2nd period - Snap shot by Brendan Gallagher.
12:38 of 2nd period - Shot Misses the Net.
13:00 of 2nd period - Bo Horvat is hit by Chris Tierney and loses puck.
13:19 of 2nd period - Snap shot by Bo Horvat.
13:19 of 2nd period - Shot Misses the Net.
13:21 of 2nd period - Slapshot by Brendan Gallagher.
13:21 of 2nd period - Shot Misses the Net.
13:23 of 2nd period - Wrist shot by Matthew Tkachuk.
13:23 of 2nd period - Shot Hit the Post.
13:25 of 2nd period - Wrist shot by Matthew Tkachuk.
13:25 of 2nd period - Shot Blocked by Michal Kempny.
13:27 of 2nd period - Snap shot by Brendan Gallagher.
13:27 of 2nd period - Deflect By Matthew Tkachuk.
13:27 of 2nd period - Maroons goal is going for a video replay.
13:27 of 2nd period - The goal is refused. The puck has been directed, batted or thrown into the net by an attacking player other than with a stick..
13:28 of 2nd period - Pierre-Luc Dubois wins face-off versus Jack Eichel in Wild zone.
13:29 of 2nd period - Snap shot by Charlie Coyle.
13:29 of 2nd period - Deflect By Pierre-Luc Dubois.
13:29 of 2nd period - Shot Misses the Net.
13:29 of 2nd period - Puck is out of play.
13:30 of 2nd period - Pierre-Luc Dubois wins face-off versus Brad Marchand in Wild zone.
14:04 of 2nd period - Wrist shot by Nick Schmaltz.
14:04 of 2nd period - Shot Blocked by Brayden McNabb.
14:06 of 2nd period - Snap shot by Nick Ritchie.
14:06 of 2nd period - Stopped by Anton Khudobin with a rebound.
14:25 of 2nd period - Snap shot by Jacob Trouba.
14:25 of 2nd period - Shot Blocked by Brayden McNabb.
15:07 of 2nd period - Off-side.
15:08 of 2nd period - Nick Schmaltz wins face-off versus Evgeny Kuznetsov in neutral zone.
16:26 of 2nd period - Cal Clutterbuck is hit by Marc Staal and loses puck.
16:39 of 2nd period - Wrist shot by T.J. Oshie.
16:39 of 2nd period - Goal by T.J. Oshie - Maroons : 1 - Wild : 1.
16:40 of 2nd period - Bo Horvat wins face-off versus Jack Eichel in neutral zone.
16:45 of 2nd period - William Nylander is hit by Brenden Dillon.
17:12 of 2nd period - Snap shot by Pierre-Luc Dubois.
17:12 of 2nd period - Shot Hit the Post.
18:02 of 2nd period - Wrist shot by Chris Tierney.
18:02 of 2nd period - Shot Blocked by Ryan McDonagh.
18:04 of 2nd period - Wrist shot by Lawson Crouse.
18:04 of 2nd period - Shot Blocked by Ryan McDonagh.
18:36 of 2nd period - Matthew Tkachuk is hit by Samuel Girard and loses puck.
19:42 of 2nd period - Wrist shot by Bo Horvat.
19:42 of 2nd period - Shot Misses the Net.
19:44 of 2nd period - Slapshot by Carl Gunnarsson.
19:44 of 2nd period - Deflect By Matthew Tkachuk.
19:44 of 2nd period - Shot Misses the Net.
19:44 of 2nd period - Puck is out of play.
19:45 of 2nd period - Jakob Silfverberg wins face-off versus Pierre-Luc Dubois in Wild zone.
Goals for this period are 1 for Maroons vs 1 for Wild.
Shots for this period are 12 for Maroons vs 7 for Wild.

3rd period


0:01 of 3rd period - Evgeny Kuznetsov wins face-off versus Pierre-Luc Dubois in neutral zone.
0:35 of 3rd period - Kris Letang is hit by Matthew Tkachuk and loses puck.
0:58 of 3rd period - Snap shot by Kris Letang.
0:58 of 3rd period - Stopped by John Gibson with a rebound.
2:02 of 3rd period - Snap shot by Bo Horvat.
2:02 of 3rd period - Stopped by Anton Khudobin without a rebound.
2:03 of 3rd period - Bo Horvat wins face-off versus Evgeny Kuznetsov in Wild zone.
2:36 of 3rd period - Wrist shot by Pierre-Luc Dubois.
2:36 of 3rd period - Stopped by Anton Khudobin with a rebound.
2:58 of 3rd period - Wrist shot by Nick Schmaltz.
2:58 of 3rd period - Shot Misses the Net.
3:00 of 3rd period - Wrist shot by Alexander Kerfoot.
3:00 of 3rd period - Stopped by Anton Khudobin with a rebound.
3:02 of 3rd period - Slapshot by Carl Gunnarsson.
3:02 of 3rd period - Deflect By Chris Tierney.
3:02 of 3rd period - Stopped by Anton Khudobin without a rebound.
3:03 of 3rd period - Bo Horvat wins face-off versus Evgeny Kuznetsov in Wild zone.
3:10 of 3rd period - Wrist shot by Matthew Tkachuk.
3:10 of 3rd period - Shot Misses the Net.
3:38 of 3rd period - Snap shot by Charlie Coyle.
3:38 of 3rd period - Shot Misses the Net.
3:40 of 3rd period - Slapshot by Rasmus Sandin.
3:40 of 3rd period - Shot Misses the Net.
3:58 of 3rd period - Snap shot by Jay Beagle.
3:58 of 3rd period - Stopped by Anton Khudobin with a rebound.
4:00 of 3rd period - Slapshot by Esa Lindell.
4:00 of 3rd period - Stopped by Anton Khudobin without a rebound.
4:01 of 3rd period - Bo Horvat wins face-off versus Evgeny Kuznetsov in Wild zone.
4:06 of 3rd period - Wrist shot by Matthew Tkachuk.
4:06 of 3rd period - Stopped by Anton Khudobin without a rebound.
4:07 of 3rd period - Evgeny Kuznetsov wins face-off versus Bo Horvat in Wild zone.
4:13 of 3rd period - Off-side.
4:14 of 3rd period - Bo Horvat wins face-off versus Evgeny Kuznetsov in neutral zone.
4:43 of 3rd period - Slapshot by Chris Tierney.
4:43 of 3rd period - Shot Blocked by Ryan McDonagh.
4:47 of 3rd period - Slapshot by Kris Letang.
4:47 of 3rd period - Stopped by John Gibson with a rebound.
4:49 of 3rd period - Wrist shot by Lawson Crouse.
4:49 of 3rd period - Shot Misses the Net.
4:51 of 3rd period - Slapshot by Chris Tierney.
4:51 of 3rd period - Shot Blocked by Matthew Tkachuk.
4:53 of 3rd period - Snap shot by Lawson Crouse.
4:53 of 3rd period - Shot Misses the Net.
5:03 of 3rd period - Matthew Tkachuk is hit by Adrian Kempe and loses puck.
5:28 of 3rd period - Snap shot by Charlie Coyle.
5:28 of 3rd period - Stopped by Anton Khudobin without a rebound.
5:29 of 3rd period - Pierre-Luc Dubois wins face-off versus Brad Marchand in Wild zone.
8:03 of 3rd period - Wrist shot by Bo Horvat.
8:03 of 3rd period - Shot Misses the Net.
8:05 of 3rd period - Wrist shot by Brendan Gallagher.
8:05 of 3rd period - Shot Blocked by Jordan Greenway.
9:33 of 3rd period - Matthew Tkachuk is hit by Jordan Greenway and loses puck.
9:42 of 3rd period - Snap shot by Adrian Kempe.
9:42 of 3rd period - Stopped by John Gibson without a rebound.
9:43 of 3rd period - Evgeny Kuznetsov wins face-off versus Nick Schmaltz in Maroons zone.
9:44 of 3rd period - Slapshot by T.J. Oshie.
9:44 of 3rd period - Shot Misses the Net.
9:51 of 3rd period - Minor Penalty to Evgeny Kuznetsov for Holding.
9:52 of 3rd period - Bo Horvat wins face-off versus Chris Tierney in Wild zone.
9:59 of 3rd period - Wrist shot by Bo Horvat.
9:59 of 3rd period - Goal by Bo Horvat - Maroons : 2 - Wild : 1.
10:00 of 3rd period - Bo Horvat wins face-off versus Evgeny Kuznetsov in neutral zone.
10:27 of 3rd period - Jack Eichel is hit by Ryan McDonagh and loses puck.
10:54 of 3rd period - Brenden Dillon is hit by Christian Dvorak and loses puck.
11:18 of 3rd period - Jay Beagle is hit by Samuel Girard and loses puck.
11:36 of 3rd period - Icing by Frederik Gauthier.
11:37 of 3rd period - Evgeny Kuznetsov wins face-off versus Brendan Gallagher in Maroons zone.
11:38 of 3rd period - Snap shot by T.J. Oshie.
11:38 of 3rd period - Stopped by John Gibson without a rebound.
11:39 of 3rd period - Bo Horvat wins face-off versus Evgeny Kuznetsov in Maroons zone.
11:52 of 3rd period - Wrist shot by Matthew Tkachuk.
11:52 of 3rd period - Shot Misses the Net.
11:54 of 3rd period - Wrist shot by Brendan Gallagher.
11:54 of 3rd period - Stopped by Anton Khudobin without a rebound.
11:55 of 3rd period - Pierre-Luc Dubois wins face-off versus Brad Marchand in Wild zone.
12:00 of 3rd period - Snap shot by Pierre-Luc Dubois.
12:00 of 3rd period - Stopped by Anton Khudobin with a rebound.
12:02 of 3rd period - Wrist shot by Ryan McDonagh.
12:02 of 3rd period - Stopped by Anton Khudobin with a rebound.
12:04 of 3rd period - Snap shot by Bryan Rust.
12:04 of 3rd period - Stopped by Anton Khudobin without a rebound.
12:05 of 3rd period - Pierre-Luc Dubois wins face-off versus Jack Eichel in Wild zone.
12:22 of 3rd period - Wrist shot by Pierre-Luc Dubois.
12:22 of 3rd period - Stopped by Anton Khudobin without a rebound.
12:23 of 3rd period - T.J. Oshie wins face-off versus Bo Horvat in Wild zone.
13:15 of 3rd period - Ryan Suter is hit by Brendan Gallagher and loses puck.
13:36 of 3rd period - Snap shot by T.J. Oshie.
13:36 of 3rd period - Goal by T.J. Oshie - Maroons : 2 - Wild : 2.
13:37 of 3rd period - Evgeny Kuznetsov wins face-off versus Pierre-Luc Dubois in neutral zone.
13:44 of 3rd period - Snap shot by T.J. Oshie.
13:44 of 3rd period - Deflect By Bryan Rust.
13:44 of 3rd period - Stopped by John Gibson without a rebound.
13:45 of 3rd period - Pierre-Luc Dubois wins face-off versus Evgeny Kuznetsov in Maroons zone.
13:58 of 3rd period - Slapshot by T.J. Oshie.
13:58 of 3rd period - Stopped by John Gibson with a rebound.
14:06 of 3rd period - Wrist shot by T.J. Oshie.
14:06 of 3rd period - Stopped by John Gibson with a rebound.
14:35 of 3rd period - Snap shot by Pierre-Luc Dubois.
14:35 of 3rd period - Stopped by Anton Khudobin with a rebound.
14:37 of 3rd period - Snap shot by Bryan Rust.
14:37 of 3rd period - Shot Blocked by Michal Kempny.
14:39 of 3rd period - Slapshot by Ryan McDonagh.
14:39 of 3rd period - Stopped by Anton Khudobin with a rebound.
14:41 of 3rd period - Slapshot by Bryan Rust.
14:41 of 3rd period - Shot Misses the Net.
14:43 of 3rd period - Snap shot by Bryan Rust.
14:43 of 3rd period - Stopped by Anton Khudobin without a rebound.
14:44 of 3rd period - William Nylander wins face-off versus Bo Horvat in Wild zone.
15:36 of 3rd period - Wrist shot by Adrian Kempe.
15:36 of 3rd period - Stopped by John Gibson without a rebound.
15:37 of 3rd period - Frederik Gauthier wins face-off versus Christian Dvorak in Maroons zone.
15:44 of 3rd period - Off-side.
15:45 of 3rd period - Jack Eichel wins face-off versus Nick Ritchie in neutral zone.
15:48 of 3rd period - Nick Schmaltz is hit by Michal Kempny and loses puck.
15:59 of 3rd period - Snap shot by Brad Marchand.
15:59 of 3rd period - Shot Misses the Net.
16:01 of 3rd period - Backhand shot by Michal Kempny.
16:01 of 3rd period - Stopped by John Gibson without a rebound.
16:02 of 3rd period - Chris Tierney wins face-off versus Bo Horvat in Maroons zone.
16:52 of 3rd period - Evgeny Kuznetsov is hit by Cal Clutterbuck and loses puck.
16:59 of 3rd period - Snap shot by Cal Clutterbuck.
16:59 of 3rd period - Shot Misses the Net.
17:36 of 3rd period - Off-side.
17:37 of 3rd period - Chris Tierney wins face-off versus Nick Schmaltz in neutral zone.
18:00 of 3rd period - Snap shot by Nick Schmaltz.
18:00 of 3rd period - Stopped by Anton Khudobin with a rebound.
18:04 of 3rd period - Slapshot by Alexander Kerfoot.
18:04 of 3rd period - Stopped by Anton Khudobin with a rebound.
18:24 of 3rd period - Marc Staal is hit by Nick Ritchie and loses puck.
18:35 of 3rd period - Wrist shot by Alexander Kerfoot.
18:35 of 3rd period - Deflect By Nick Schmaltz.
18:35 of 3rd period - Stopped by Anton Khudobin with a rebound.
18:37 of 3rd period - Snap shot by Alexander Kerfoot.
18:37 of 3rd period - Stopped by Anton Khudobin with a rebound.
18:39 of 3rd period - Slapshot by Jacob Trouba.
18:39 of 3rd period - Deflect By Nick Schmaltz.
18:39 of 3rd period - Shot Blocked by Marc Staal.
18:39 of 3rd period - Puck is out of play.
18:40 of 3rd period - Jack Eichel wins face-off versus Bo Horvat in Wild zone.
18:40 of 3rd period - Jack Eichel is hit by Brendan Gallagher.
19:09 of 3rd period - Slapshot by Ryan Suter.
19:09 of 3rd period - Shot Blocked by Esa Lindell.
19:11 of 3rd period - Slapshot by Ryan Suter.
19:11 of 3rd period - Stopped by John Gibson without a rebound.
19:12 of 3rd period - Bo Horvat wins face-off versus Jack Eichel in Maroons zone.
19:45 of 3rd period - Snap shot by Nick Schmaltz.
19:45 of 3rd period - Deflect By Alexander Kerfoot.
19:45 of 3rd period - Shot Misses the Net.
19:45 of 3rd period - Puck is out of play.
19:46 of 3rd period - Jack Eichel wins face-off versus Nick Schmaltz in Wild zone.
Goals for this period are 1 for Maroons vs 1 for Wild.
Shots for this period are 21 for Maroons vs 11 for Wild.

Overtime #1


0:01 of 1st overtime period - Jack Eichel wins face-off versus Bo Horvat in neutral zone.
0:52 of 1st overtime period - Wrist shot by Bryan Rust.
0:52 of 1st overtime period - Shot Misses the Net.
0:54 of 1st overtime period - Backhand shot by Bryan Rust.
0:54 of 1st overtime period - Stopped by Anton Khudobin with a rebound.
3:31 of 1st overtime period - Icing by Esa Lindell.
3:32 of 1st overtime period - Chris Tierney wins face-off versus Bo Horvat in Maroons zone.
3:50 of 1st overtime period - Icing by Kris Letang.
3:51 of 1st overtime period - Pierre-Luc Dubois wins face-off versus Chris Tierney in Wild zone.
4:20 of 1st overtime period - Slapshot by Kris Letang.
4:20 of 1st overtime period - Goal by Kris Letang - Maroons : 2 - Wild : 3.
Goals for this period are 0 for Maroons vs 1 for Wild.
Shots for this period are 1 for Maroons vs 1 for Wild. Output by the SimonT Hockey Simulator (STHS) for Alexandre Lamarre - Original Page W3C HTML5 Valid
Hockey Simulator - Hockey Simulation - Hockey Manager